AoeStats
← OTZ==3

African Clearing

510282622Analyzed
4v4 RM · 16h ago on Sep 30, 2026· 30m 32s· 8 players
Game mode
Random Map
Map size
Large (8 player)
Population
200
Speed
Normal
Resources
Standard
Victory
Conquest
Starting age
Dark Age
Ending age
Imperial Age
RankedLock teamsTeams togetherTeam positionsShared explorationLock speedFull tech treeHidden civsTurbo modeCheats
Victory
Defeat
🇮🇹 Persians · Italy
788
+13
🇵🇰 Mongols · Pakistan
756
+15
🇨🇳 Chinese · China
616
+20
🇨🇳 Spanish · China
562
+23
🇨🇳 Malians · China
724
-18
🇨🇳 Huns · China
722
-18
🇨🇳 Mongols · China
719
-18
🇹🇼 Teutons · Taiwan
700
-17
iiiqq-qwzaa---q
yuanda_sun
OTZ==3
Rasmus Højlund
2307142
13:30 Feudal Age
15:16 Wheelbarrow
15:52 Horse Collar
16:21 Double-Bit Axe
18:54 Gold Mining
21:01 Man-at-Arms
28:32 Castle Age
27:43 Stone Mining
30:14 Hand Cart
sehal
4:06 Loom
15:53 Feudal Age
20:13 Castle Age
18:07 Double-Bit Axe
18:43 Horse Collar
20:58 Gold Mining
21:20 Husbandry
29:09 Imperial Age
29:16 Spies/Treason
30:13 Fletching
30:44 Bloodlines
DrakeTheThief
3:40 Loom
14:07 Feudal Age
18:56 Horse Collar
19:06 Double-Bit Axe
26:14 Castle Age
24:12 Stone Mining
24:14 Gold Mining
26:22 Bloodlines
27:29 Husbandry
raffaelepierri1987
13:03 Feudal Age
22:25 Castle Age
21:04 Horse Collar
21:48 Double-Bit Axe
21:56 Stone Mining
22:12 Gold Mining
23:40 Wheelbarrow
23:43 Gold Shaft Mining
23:11 Heavy Plow
26:29 Hand Cart
Connection lost

Rejoining the realm…

Still unreachable

The connection could not be restored.

Session expired

The server has moved on; the page needs a fresh start.